 Dungeon Crawl Stone Soup version 0.19.0-2-gae57169 (webtiles) character file.

35819 Khazard the Zephyrmancer (level 13, -12/68 HPs)
             Began as a Tengu Wizard on Nov 5, 2016.
             Was the Champion of Makhleb.
             Shot with a bolt by a yaktaur (30 damage)
             ... in a volcano.
             The game lasted 00:42:56 (23838 turns).

Khazard the Zephyrmancer (Tengu Wizard)            Turns: 23838, Time: 00:42:57

Health: -12/68     AC:  8    Str: 11    XL:     13   Next: 86%
Magic:  13/26      EV: 21    Int: 27    God:    Makhleb [******]
Gold:   304        SH:  0    Dex: 17    Spells: 9 memorised, 2 levels left

rFire  . . .     SeeInvis +     a - +7 hand axe of Lagih {freeze, rElec Str+4 SInv}
rCold  . . .     Gourm    .     w - +2 leather armour of Ricolics {Int+4}
rNeg   . . .     Faith    .     (no shield)
rPois  .         Spirit   .     i - +1 hat
rElec  +         Reflect  .     h - +0 cloak
rCorr  .         Harm     +     t - +0 pair of gloves
MR     .....                    (boots unavailable)
Stlth  ++........               f - amulet of harm
                                S - +3 ring of dexterity
                                H - ring of stealth

@: confused, about to teleport, flying quickly and evasively, very slightly
contaminated, hasted, very quick
A: beak, talons 3, blink, sense surroundings 1, screaming 1, able to fly 1
a: Blink, Minor Destruction, Lesser Servant of Makhleb, Major Destruction,
Greater Servant of Makhleb, Renounce Religion


You were in a volcano.
You worshipped Makhleb.
Makhleb was exalted by your worship.
You were not hungry.

You visited 2 branches of the dungeon, and saw 16 of its levels.
You also visited: Sewer and Volcano.

You collected 1108 gold pieces.
You spent 804 gold pieces at shops.

Inventory:

Hand Weapons
 a - the +7 hand axe of Lagih (weapon) {freeze, rElec Str+4 SInv}
   (You bought it in a shop on level 10 of the Dungeon)

   It has been specially enchanted to freeze those struck by it, causing extra
   injury to most foes and up to half again as much damage against particularly
   susceptible opponents.
   It can also slow down cold-blooded creatures.
   It affects your strength (+4).
   It insulates you from electricity.
   It lets you see invisible.
 b - a +2 dagger of pain
 j - a +1 dagger of freezing
 z - a +2 dagger of protection
 Z - a +2 scimitar of flaming
Missiles
 L - a throwing net (quivered)
Armour
 h - a +0 cloak (worn)
 i - a +1 hat (worn)
 p - a +0 troll leather armour
 t - a +0 pair of gloves (worn)
 w - the +2 leather armour of Ricolics (worn) {Int+4}
   (You found it on level 5 of the Dungeon)

   It affects your intelligence (+4).
 C - a +2 leather armour of poison resistance
Magical Staves
 R - an uncursed staff of power
 T - an uncursed staff of death
Jewellery
 f - an amulet of harm (around neck)
 B - an uncursed ring of flight
 H - a ring of stealth (left hand)
 J - an uncursed amulet of the gourmand
 S - a +3 ring of dexterity (right hand)
Wands
 k - a wand of lightning (0/15)
 r - a wand of lightning (0/15)
 v - a wand of iceblast (0/15)
 E - a wand of polymorph (9/24)
 P - a wand of acid (0/15)
 V - a wand of confusion (23/48)
Scrolls
 o - 14 scrolls of remove curse
 q - a scroll of recharging
 s - 2 scrolls of enchant armour
 y - a scroll of teleportation
Potions
 e - a potion of mutation
 x - a potion of flight
 I - a potion of cure mutation
 M - a potion of ambrosia
 N - a potion of cancellation
 O - 2 potions of agility
 U - a potion of curing
Books
 c - a book of Minor Magic

   Spells                             Type                      Level
   a - Magic Dart                     Conjuration                  1
   b - Blink                          Translocation                2
   c - Call Imp                       Summoning                    2
   d - Repel Missiles                 Charms/Air                   2
   e - Slow                           Hexes                        2
   f - Conjure Flame                  Conjuration/Fire             3
   g - Mephitic Cloud                 Conjuration/Poison/Air       3
 d - a book of the Sky

   Spells                             Type                      Level
   a - Summon Lightning Spire         Summoning/Air                4
   b - Airstrike                      Air                          4
   c - Silence                        Hexes/Air                    5
   d - Deflect Missiles               Charms/Air                   6
   e - Conjure Ball Lightning         Conjuration/Air              6
   f - Tornado                        Air                          9
 m - a book of Changes

   Spells                             Type                      Level
   a - Beastly Appendage              Transmutation                1
   b - Sticks to Snakes               Transmutation                2
   c - Spider Form                    Transmutation/Poison         3
   d - Ice Form                       Ice/Transmutation            4
   e - Blade Hands                    Transmutation                5
 A - a book of Misfortune

   Spells                             Type                      Level
   a - Confusing Touch                Hexes                        1
   b - Confuse                        Hexes                        3
   c - Gell's Gravitas                Hexes/Translocation          3
   d - Petrify                        Transmutation/Earth          4
   e - Metabolic Englaciation         Hexes/Ice                    5
   f - Yara's Violent Unravelling     Hexes/Transmutation          5
 D - a Necronomicon

   Spells                             Type                      Level
   a - Haunt                          Necromancy/Summoning         7
   b - Borgnjor's Revivification      Necromancy                   8
   c - Death's Door                   Charms/Necromancy            8
   d - Infestation                    Necromancy                   8
   e - Necromutation                  Transmutation/Necromancy     8
 F - a book of Necromancy

   Spells                             Type                      Level
   a - Pain                           Necromancy                   1
   b - Animate Skeleton               Necromancy                   1
   c - Vampiric Draining              Necromancy                   3
   d - Regeneration                   Charms/Necromancy            3
   e - Animate Dead                   Necromancy                   4
   f - Control Undead                 Necromancy                   4
 Y - a book of Callings

   Spells                             Type                      Level
   a - Summon Small Mammal            Summoning                    1
   b - Call Imp                       Summoning                    2
   c - Call Canine Familiar           Summoning                    3
   d - Summon Guardian Golem          Hexes/Summoning              3
   e - Summon Lightning Spire         Summoning/Air                4
   f - Summon Ice Beast               Ice/Summoning                4
Comestibles
 g - 5 slices of pizza
 l - 2 beef jerkies
 n - a royal jelly
 u - 7 meat rations


   Skills:
 - Level 2.8 Fighting
 - Level 6.6 Short Blades
 - Level 8.8 Dodging
 - Level 8.5 Stealth
 + Level 8.1 Spellcasting
 + Level 11.6 Conjurations
 - Level 2.5 Charms
 - Level 1.2 Summonings
 - Level 9.0 Necromancy
 - Level 3.4 Translocations
 - Level 5.2 Fire Magic
 * Level 12.0 Air Magic
 - Level 3.9 Poison Magic
 - Level 4.1 Invocations


You had 2 spell levels left.
You knew the following spells:

 Your Spells              Type           Power        Failure   Level  Hunger
a - Magic Dart            Conj           ####         1%          1    None
b - Blink                 Tloc           N/A          2%          2    None
c - Call Imp              Summ           ###.....     10%         2    None
d - Conjure Flame         Conj/Fire      ######..     1%          3    None
e - Mephitic Cloud        Conj/Pois/Air  ######..     1%          3    None
f - Regeneration          Chrm/Necr      #####.....   1%          3    None
k - Repel Missiles        Chrm/Air       ######       1%          2    None
s - Airstrike             Air            ######....   1%          4    ##.....
B - Conjure Ball Lightni  Conj/Air       ######....   12%         6    ######.


Dungeon Overview and Level Annotations

Branches:
Dungeon (11/15)            Temple (0/1) D:6            Lair (5/6) D:9
  Swamp (0/4) Lair:4        Snake (0/4) Lair:2          Orc (0/2) D:9
  Slime: Lair:5-6

Altars:
Ashenzari
Dithmenos
Gozag
Hepliaklqana
Kikubaaqudgha
Makhleb
Ru
Sif Muna
Trog
Uskayaw
Xom
Yredelemnul
The Shining One

Shops:
D:4 [   D:5 *   D:10 (

Annotations:
D:6 Eustachio
D:11 Gastronok


Innate Abilities, Weirdness & Mutations

You have a beak for a mouth.
You have claws for feet.
You can fly.
You can translocate small distances at will.
You passively map a small area around you.
You occasionally shout uncontrollably at your foes.


Message History

* * * LOW HITPOINT WARNING * * *
The centaur laughs crazily.
Unknown command.
You are engulfed in noxious fumes.
You choke on the stench!
You are more confused.
The yaktaur shoots a bolt.
The bolt closely misses you.
The centaur is engulfed in noxious fumes.
The yaktaur shoots a bolt.
The bolt is repelled.
You feel less protected from missiles.
The red draconian is engulfed in noxious fumes.
The red draconian appears confused.
Found 11 gold pieces.
You see here a bolt.
You are engulfed in noxious fumes.
You choke on the stench!
You are more confused.
* * * LOW HITPOINT WARNING * * *
You see here a bolt.
Unknown command.
The yaktaur shoots a bolt.
The bolt hits you!!
You die...

##≈§§ #..'.$.[.'.
##§§§§##..c.._..'
#≈≈≈§§#...#.....#
≈≈≈≈§§#..§####### # ≈
≈≈§≈§≈#§dc'!!.![' .#
#≈≈≈§#§§.#..≈..# ..#
##§≈≈#§§§#8≈≈≈8#...#≈
#≈§≈≈##§§(.(≈.c'..# ≈
#≈§ ≈≈#.@c.(..c'..# ≈
## ≈≈##.#8...8#c##§ *
≈≈###.....###§§≈ *
≈≈≈≈§..(..≈§≈≈≈≈*
§≈≈≈8§..8≈≈§§≈≈
*##≈≈§§...§≈§§≈#*
#§≈§§§§§§§§##
##≈8§§§8§§≈#
##.....####


You could see a red draconian (confused), 4 yaktaurs and a centaur (confused).

Vanquished Creatures
  Rupert (Lair:4)
  Erica (D:8)
  A centaur warrior (Volcano)
  2 hydras
  A queen ant (Lair:2)
  Nergalle (Lair:1)
  The ghost of Inkary the Cleaver, a novice MiFi of Okawaru (D:7)
  A sea snake (Lair:5)
  A hill giant (D:10)
  An orc knight (D:9)
  2 black mambas
  4 elephants (Lair:5)
  Joseph (D:7)
  8 spiny frogs
  Psyche (D:10)
  A rime drake (Lair:5)
  4 komodo dragons
  A troll (D:8)
  2 tyrant leeches (Lair:4)
  5 blink frogs (Lair:1)
  11 dream sheep
  9 hippogriffs
  26 yaks
  A spriggan (D:7)
  2 wyverns
  3 basilisks
  A hill giant zombie (D:9)
  A hungry ghost (D:9)
  Menkaure (D:7)
  7 water moccasins
  16 soldier ants (Lair:2)
  A swamp worm (Lair:4)
  7 porcupines
  3 ice beasts
  3 orc warriors
  A sky beast (D:10)
  An eye of draining (D:10)
  A black bear (D:7)
  An eye of draining (shapeshifter) (D:10)
  16 wolves
  4 ogres
  5 phantoms
  6 crocodiles
  7 centaurs
  2 big kobolds
  15 bullfrogs
  2 scorpions
  8 killer bees
  A troll zombie (D:9)
  7 wights
  4 howler monkeys
  8 crimson imps
  A hound (D:10)
  17 orc wizards
  2 centaur skeletons
  A centaur zombie (D:5)
  A jelly (D:9)
  7 orc priests
  Crazy Yiuf (D:6)
  A bullfrog skeleton (D:4)
  2 iguanas
  5 hell rats (Lair:4)
  21 worker ants
  6 ogre zombies (D:9)
  A hound zombie (D:7)
  Robin (D:2)
  2 worker ant zombies
  9 gnolls
  A howler monkey zombie (D:5)
  22 adders
  2 white imps (D:10)
  5 oozes
  2 adder skeletons (D:5)
  2 worms (Sewer)
  5 dart slugs
  4 leopard geckos
  36 orcs
  6 bats
  9 giant cockroaches
  18 goblins
  14 hobgoblins
  12 jackals
  12 kobolds
  5 quokkas
  8 ball pythons
  7 frilled lizards
  A giant cockroach zombie (D:5)
  3 goblin zombies (D:9)
  3 hobgoblin skeletons (D:9)
  A leopard gecko skeleton (D:5)
  4 orc skeletons (D:9)
  14 orc zombies (D:9)
  13 rats
  A fungus (Lair:4)
  3 plants (Lair:4)
512 creatures vanquished.

Vanquished Creatures (collateral kills)
  A komodo dragon (Lair:1)
  A yak (Lair:1)
  4 soldier ants (Lair:2)
  A water moccasin (Lair:1)
  2 wolves (Lair:1)
  An orc wizard (D:5)
  An iguana (D:5)
  A worker ant (Lair:2)
  2 gnolls (D:3)
  An orc (D:5)
  A goblin (D:1)
  A jackal (D:1)
  A goblin zombie (D:9)
  A kobold (D:1)
19 creatures vanquished.

Vanquished Creatures (others)
  63 ball lightnings
  A crimson imp (D:10)
  14 fungi
  3 plants (Lair:4)
81 creatures vanquished.

Grand Total: 612 creatures vanquished

Notes
Turn   | Place    | Note
-------+----------+-------------------------------------------
     0 | D:1      | Khazard the Tengu Wizard began the quest for the Orb.
     0 | D:1      | Reached XP level 1. HP: 10/10 MP: 5/5
   369 | D:1      | Reached XP level 2. HP: 15/15 MP: 2/7
   608 | D:1      | Learned a level 2 spell: Call Imp
   611 | D:1      | Learned a level 2 spell: Blink
   614 | D:1      | Learned a level 2 spell: Repel Missiles
   923 | D:1      | Reached XP level 3. HP: 19/19 MP: 3/8
  1752 | D:2      | Found a burning altar of Makhleb.
  1801 | D:2      | Reached XP level 4. HP: 24/24 MP: 7/9
  1899 | D:2      | Became a worshipper of Makhleb the Destroyer
  2138 | D:2      | Reached skill level 5 in Conjurations
  2372 | D:2      | Found a hazy altar of Hepliaklqana.
  2373 | D:2      | Found a shimmering altar of Xom.
  2373 | D:2      | Noticed a caustic shrike
  2375 | D:2      | Noticed a spectral ugly thing
  2375 | D:2      | Noticed a caustic shrike
  2496 | D:2      | Found an opulent altar of Gozag.
  2894 | D:2      | Reached * piety under Makhleb
  2928 | D:2      | Noticed Robin
  2943 | D:2      | Killed Robin
  3185 | D:3      | Gained mutation: You can fly. [Tengu growth]
  3185 | D:3      | Reached XP level 5. HP: 28/28 MP: 6/10
  3506 | D:3      | Found a glowing golden altar of the Shining One.
  3757 | D:3      | Reached ** piety under Makhleb
  3774 | D:3      | Learned a level 3 spell: Mephitic Cloud
  3873 | D:4      | Reached skill level 1 in Air Magic
  3873 | D:4      | Reached XP level 6. HP: 32/32 MP: 4/11
  3918 | D:3      | Reached skill level 2 in Air Magic
  4021 | D:3      | Reached skill level 1 in Invocations
  4206 | D:4      | Reached skill level 1 in Poison Magic
  4339 | D:4      | Found a deep blue altar of Sif Muna.
  4500 | D:4      | Reached skill level 3 in Air Magic
  4875 | D:4      | Found a basalt altar of Yredelemnul.
  4958 | D:4      | Noticed a phantom
  5011 | D:4      | Killed a phantom
  5011 | D:4      | Reached XP level 7. HP: 28/36 MP: 1/13
  5108 | D:4      | Found Qexzyph's Antique Armour Shop.
  5390 | D:4      | Learned a level 3 spell: Conjure Flame
  5432 | D:5      | Entered Level 5 of the Dungeon
  5444 | D:5      | Reached skill level 4 in Air Magic
  5491 | D:5      | Got a heavily runed leather armour
  5492 | D:5      | Identified the +2 leather armour of Ricolics {Int+4} (You found it on level 5 of the Dungeon)
  5691 | D:5      | Found Woybrunai's General Store.
  5760 | D:5      | Reached skill level 1 in Fire Magic
  5833 | D:5      | Reached XP level 8. HP: 27/41 MP: 5/15
  5950 | D:5      | Found a glowing drain.
  5970 | Sewer    | Entered a sewer
  6031 | Sewer    | Reached *** piety under Makhleb
  6345 | Sewer    | Reached skill level 5 in Air Magic
  7394 | D:6      | Found a staircase to the Ecumenical Temple.
  7457 | D:6      | Found a hide-covered altar of Uskayaw.
  7536 | D:6      | Noticed Eustachio
  7743 | D:6      | Found a shadowy altar of Dithmenos.
  7771 | D:6      | Reached skill level 6 in Air Magic
  7873 | D:6      | Found a runed door.
  7877 | D:6      | Noticed Crazy Yiuf
  7889 | D:6      | Killed Crazy Yiuf
  7940 | D:7      | Reached XP level 9. HP: 45/45 MP: 9/16
  8051 | D:7      | Noticed Inkary's ghost (novice MiFi)
  8075 | D:7      | Noticed Menkaure
  8085 | D:7      | Killed Menkaure
  8463 | D:7      | Killed Inkary's ghost
  8463 | D:7      | Reached skill level 7 in Air Magic
  8625 | D:7      | Noticed Joseph
  8642 | D:7      | Killed Joseph
  8642 | D:7      | Reached skill level 5 in Spellcasting
  8891 | D:7      | Reached skill level 5 in Fire Magic
  9172 | D:8      | Learned a level 3 spell: Regeneration
  9201 | D:8      | Reached skill level 1 in Translocations
  9473 | D:8      | Found an ancient bone altar of Kikubaaqudgha.
  9565 | D:8      | Reached XP level 10. HP: 50/50 MP: 2/18
  9672 | D:8      | Noticed Erica
  9856 | D:8      | Found a shimmering altar of Xom.
  9868 | D:8      | Reached **** piety under Makhleb
 10057 | D:8      | Reached skill level 1 in Necromancy
 10230 | D:8      | Found a bloodstained altar of Trog.
 10353 | D:8      | Killed Erica
 10353 | D:8      | Reached skill level 1 in Charms
 10690 | D:8      | Reached skill level 5 in Dodging
 10706 | D:8      | Got a spiked buckler
 10712 | D:8      | Identified the cursed -6 buckler of the Gastropod {rN+} (You took it off an orc on level 8 of the Dungeon)
 10834 | D:9      | Found a sacrificial altar of Ru.
 11055 | D:9      | Found a staircase to the Lair.
 11073 | D:9      | Found a staircase to the Orcish Mines.
 11717 | D:9      | Found a shattered altar of Ashenzari.
 12172 | D:9      | Reached skill level 5 in Necromancy
 12172 | D:9      | Reached XP level 11. HP: 53/54 MP: 1/21
 12477 | D:7      | Reached skill level 1 in Short Blades
 12618 | D:9      | Found a shadowy altar of Dithmenos.
 12688 | D:9      | Reached ***** piety under Makhleb
 12710 | D:9      | Noticed an orc knight
 12915 | D:9      | Killed an orc knight
 13392 | D:10     | Entered Level 10 of the Dungeon
 13392 | D:10     | Found Yloinan's Weapon Shoppe.
 13625 | D:10     | Noticed Psyche
 13646 | D:10     | Killed Psyche
 13973 | D:10     | Gained mutation: You passively map a small area around you. [mutagenic meat]
 13974 | D:10     | Gained mutation: Your system is resistant to poisons. (rPois) [mutagenic meat]
 14447 | D:10     | Noticed a hill giant
 14492 | D:10     | HP: 1/54 [hill giant/giant spiked club (35)]
 14494 | D:10     | Killed a hill giant
 15017 | D:11     | Noticed Gastronok
 15129 | Lair:1   | Entered Level 1 of the Lair of Beasts
 15230 | Lair:1   | Reached skill level 5 in Stealth
 15645 | Lair:1   | Reached skill level 5 in Short Blades
 16135 | Lair:1   | Reached XP level 12. HP: 22/59 MP: 3/22
 16412 | Lair:1   | Noticed Nergalle
 16585 | Lair:1   | Killed Nergalle
 17224 | Lair:2   | Found a staircase to the Snake Pit.
 17974 | Lair:2   | Reached ****** piety under Makhleb
 18252 | Lair:2   | Noticed a queen ant
 18593 | Lair:2   | Killed a queen ant
 19408 | Lair:3   | Reached skill level 1 in Fighting
 20082 | Lair:3   | Learned a level 6 spell: Conjure Ball Lightning
 20246 | D:10     | Bought the +7 hand axe of Lagih {freeze, rElec Str+4 SInv} for 804 gold pieces
 20667 | Lair:4   | Reached XP level 13. HP: 68/68 MP: 24/24
 20672 | Lair:4   | Reached skill level 8 in Air Magic
 20756 | Lair:4   | Got a warped robe
 20767 | Lair:4   | Identified the cursed +1 robe of the Desert {Str+2} (You found it on level 4 of the Lair of Beasts)
 21058 | Lair:4   | Reached skill level 10 in Conjurations
 21333 | Lair:4   | Reached skill level 9 in Air Magic
 21496 | Lair:4   | Learned a level 4 spell: Airstrike
 22405 | Lair:4   | Noticed Rupert
 22417 | Lair:4   | Killed Rupert
 22417 | Lair:4   | Reached skill level 10 in Air Magic
 22683 | Lair:4   | Found a staircase to the Swamp.
 23265 | Lair:5   | Noticed Nessos
 23267 | Lair:5   | Noticed Nessos
 23267 | Lair:5   | Nessos changed into Nessos the sea snake
 23276 | Lair:5   | Killed Nessos the sea snake
 23371 | Lair:5   | Reached skill level 11 in Air Magic
 23722 | Lair:5   | Found a dark tunnel.
 23730 | Volcano  | Entered a volcano
 23809 | Volcano  | Lost mutation: Your system is resistant to poisons. (rPois) [potion of mutation]
 23809 | Volcano  | Gained mutation: You occasionally shout uncontrollably at your foes. [potion of mutation]
 23809 | Volcano  | Gained mutation: You can translocate small distances at will. [potion of mutation]
 23825 | Volcano  | Found a bloodstained altar of Trog.
 23825 | Volcano  | Noticed a red draconian
 23830 | Volcano  | Reached skill level 12 in Air Magic
 23838 | Volcano  | Shot with a bolt by a yaktaur

Skill      XL: |  1  2  3  4  5  6  7  8  9 10 11 12 13 |
---------------+----------------------------------------+-----
Conjurations   | 2 3 4 5 7 8 9 11 | 11.6
Air Magic      | 1 3 4 6 7 12 | 12.0
Invocations    | 1 2 3 4 |  4.1
Poison Magic   | 1 2 3 |  3.9
Spellcasting   | 4 5 6 8 |  8.1
Fire Magic     | 1 3 5 |  5.2
Dodging        | 3 4 5 6 8 |  8.8
Translocations | 1 3 |  3.4
Necromancy     | 5 7 9 |  9.0
Charms         | 2 |  2.5
Short Blades   | 5 6 |  6.6
Stealth        | 6 8 |  8.5
Fighting       | 2 |  2.8
Summonings     | |  1.2

Action                   |  1- 3 |  4- 6 |  7- 9 | 10-12 | 13-15 || total
-------------------------+-------+-------+-------+-------+-------++-------
Melee: Unarmed           |     8 |       |       |       |       ||     8
       Kick              |     1 |    16 |    27 |   190 |     8 ||   242
       Dagger            |       |    75 |   175 |   788 |    43 ||  1081
       Long sword        |       |    12 |       |       |       ||    12
       Peck              |       |    10 |    24 |   140 |     7 ||   181
       Scimitar          |       |       |       |    58 |       ||    58
       Hand axe          |       |       |       |       |     5 ||     5
 Cast: Magic Dart        |    75 |   167 |   260 |   535 |    40 ||  1077
       Call Imp          |     4 |     5 |     3 |     3 |       ||    15
       Blink             |       |     8 |     5 |    22 |     2 ||    37
       Mephitic Cloud    |       |     2 |    10 |    91 |     8 ||   111
       Conjure Flame     |       |       |     6 |    28 |     1 ||    35
       Repel Missiles    |       |       |     1 |     2 |     1 ||     4
       Regeneration      |       |       |       |    10 |     4 ||    14
       Airstrike         |       |       |       |       |    31 ||    31
       Conjure Ball Ligh |       |       |       |       |    30 ||    30
Invok: Lesser Servant of |       |       |     1 |     1 |       ||     2
 Abil: Fly               |       |       |     3 |    15 |     7 ||    25
Evoke: Wand              |       |     1 |    14 |    15 |     2 ||    32
  Use: Scroll            |     2 |     1 |    10 |    12 |    12 ||    37
       Potion            |     1 |     2 |     7 |     8 |     7 ||    25
 Stab: Confused          |       |       |     2 |    44 |       ||    46
       Sleeping          |       |       |     1 |     3 |     1 ||     5
  Eat: Chunk             |     1 |     5 |     6 |     7 |    13 ||    32
       Bread ration      |     1 |     1 |     2 |     8 |     2 ||    14
       Fruit             |       |       |       |       |     5 ||     5
Armor: Robe              |     4 |    43 |       |       |       ||    47
       Leather armour    |       |       |    99 |   196 |    17 ||   312
Dodge: Dodged            |    24 |    95 |   140 |   668 |    71 ||   998
       Deflected         |       |       |     2 |    16 |     5 ||    23
       Rpst.: Long sword |       |     2 |       |       |       ||     2
       Scimitar          |       |       |       |    28 |       ||    28
